AoeStats
← Iguano Pop

Arabian Desert

510038115Analyzed
1v1 RM · 3d ago on Sep 29, 2026· 17m 18s· 2 players
Game mode
Random Map
Map size
Tiny (2 player)
Population
200
Speed
Normal
Resources
Standard
Victory
Conquest
Starting age
Dark Age
Ending age
Imperial Age
RankedLock teamsTeams togetherTeam positionsShared explorationLock speedFull tech treeHidden civsTurbo modeCheats
Victory
Defeat
🇲🇽 Spanish · Mexico
1320
+16
🇨🇦 Khmer · Canada
1319
-16
Manan369
6:59 Loom
9:20 Feudal Age
9:47 Double-Bit Axe
16:54 Fletching
Iguano Pop
6:58 Loom
9:10 Feudal Age
10:03 Double-Bit Axe
12:51 Town Watch
16:15 Forging
Connection lost

Rejoining the realm…

Still unreachable

The connection could not be restored.

Session expired

The server has moved on; the page needs a fresh start.